 Dungeon Crawl Stone Soup version 0.29.1-13-g9f3cf754e1 (webtiles) character file.

Game seed: 16112153363818948418

11 Enrique the Poker (level 2, -2/24 HPs)
             Began as a Human Berserker on Jan 24, 2023.
             Was a Follower of Trog.
             Slain by a worm (11 damage)
             ... on level 2 of the Dungeon on Jan 26, 2023.
             The game lasted 00:14:05 (1455 turns).

Enrique the Poker (Human Berserker)                 Turns: 1455, Time: 00:14:05

Health: -2/24      AC:  2    Str: 17    XL:     2   Next: 35%
Magic:  2/2        EV: 12    Int:  7    God:    Trog [*.....]
Gold:   35         SH:  0    Dex: 12    Spells: 1/1 levels left

rFire   . . .      SeeInvis .   a - +0 spear
rCold   . . .      Faith    .   (no shield)
rNeg    . . .      Spirit   .   b - +0 animal skin
rPois   .          Reflect  .   (no helmet)
rElec   .          Harm     .   (no cloak)
rCorr   .          Rampage  .   (no gloves)
Will    .....                   (no boots)
Stlth   +.........              (no amulet)
HPRegen 0.08/turn               (no ring)
MPRegen 0.08/turn               (no ring)

@: no status effects
A: no striking features
a: Renounce Religion, Berserk


You were on level 2 of the Dungeon.
You worshipped Trog.
Trog was aware of your devotion.
You visited 1 branch of the dungeon, and saw 2 of its levels.

You collected 35 gold pieces.

Inventory:

Hand Weapons
 a - a +0 spear (weapon)
Armour
 b - a +0 animal skin (worn)
Scrolls
 g - a scroll of noise
 h - 2 scrolls of amnesia {unknown}
 k - a scroll of poison {unknown}
Potions
 c - 2 potions of lignification {unknown}
 e - a potion of might
 f - a potion of curing
 i - a potion of heal wounds
 j - a potion of flight


   Skills:
 + Level 3.2 Fighting
 + Level 3.3 Polearms
 + Level 2.0 Armour
 + Level 2.0 Dodging


You had one spell level left.
You didn't know any spells.
Your spell library was empty.

Dungeon Overview and Level Annotations

Branches:
Dungeon (2/15)

Altars:


Message History

The ball python is severely wounded.
The ball python bites you. The ball python grabs you.
The ball python constricts you.
You barely miss the ball python.
The ball python is severely wounded.
The ball python bites you but does no damage.
The ball python constricts you. The ball python barely misses you.
The ball python constricts you.
You hit the ball python but do no damage.
The ball python is severely wounded.
The ball python closely misses you. The ball python constricts you.
You hit the ball python.
You kill the ball python!
Trog accepts your kill.
You see here a ball python corpse.
You see here a ball python corpse.
You see here a +0 hand axe.
A worm, a bat and a kobold come into view.
The bat moves out of view.
A jackal comes into view.
Found 11 gold pieces.
The jackal barks!
The kobold shouts!
A jackal comes into view.
The jackal moves out of view.
The jackal barks!
You hear an angry hiss.
You hit the worm.
The worm is lightly wounded.
You hit the worm.
The worm is moderately wounded.
The worm bites you but does no damage.
You hit the worm.
The worm is moderately wounded.
You hit the worm but do no damage.
The worm is moderately wounded.
The worm bites you!
You completely miss the worm.
The worm is moderately wounded.
A ball python comes into view.
The worm bites you!
You die...

####..########
#........#
#......).#
#........#
#........#
#......###.##
######. #..##
#....#..##
####+##w@#
.....Kb#h.#
.....S.##.#
$...... .#
....... ..
....... ..#
....... ...
....... ....


You could see a worm, a jackal, a bat, a ball python and a kobold.

Vanquished Creatures
  2 ball pythons
  A giant cockroach (D:1)
  3 hobgoblins (D:1)
  A quokka (D:1)
  2 frilled lizards (D:1)
  A rat (D:1)
10 creatures vanquished.

Vanquished Creatures (others)
  3 fungi (D:1)
  4 plants (D:1)
7 creatures vanquished.

Grand Total: 17 creatures vanquished

Notes
Turn   | Place    | Note
-------+----------+-------------------------------------------
     0 | D:1      | Enrique the Human Berserker began the quest for the Orb.
     0 | D:1      | Reached XP level 1. HP: 18/18 MP: 1/1
   424 | D:1      | Reached XP level 2. HP: 11/24 MP: 2/2
   787 | D:1      | Found a faded altar of an unknown god.
  1455 | D:2      | Slain by a worm

Illustrated notes

Levels and vault maps discovered:
D:1:      wander_arrival_fairy_ring, layout_basic, ebering_ecumenical_altar_box
D:2:      layout_basic, uniq_natasha

Action                   || total
-------------------------++-------
Melee: Spear             ||    57
       Punch             ||     1
  Use: Scroll            ||     4
       Potion            ||     2
Armor: Animal skin       ||     3
Dodge: Dodged            ||    33
